 Dungeon Crawl Stone Soup version 0.23-a0-455-ge12115f (webtiles) character file.

88847 Lavandula the Fencer (level 15, -1/121 HPs)
             Began as a Naga Air Elementalist on Nov 23, 2018.
             Was a High Priest of Ru.
             Hit by a stone thrown by a merfolk impaler (11 damage)
             ... on level 4 of the Shoals on Nov 24, 2018.
             The game lasted 01:30:24 (12199 turns).

Lavandula the Fencer (Naga Air Elementalist)       Turns: 12199, Time: 01:30:25

Health: -1/121     AC: 22    Str: 10    XL:     15   Next: 51%
Magic:  20/24      EV: 13    Int: 19    God:    Ru [*****.]
Gold:   504        SH:  0    Dex: 13    Spells: 3/31 levels left

rFire    . . .     SeeInvis +   F - +5 great sword (freeze)
rCold    + . .     Gourm    .   (shield currently unavailable)
rNeg     . . .     Faith    .   L - +4 troll leather armour
rPois    +         Spirit   .   C - +1 hat of Cekhlorra {+Fly}
rElec    .         Reflect  .   o - +1 cloak
rCorr    .         Harm     .   (no gloves)
MR       +....                  A - +2 naga barding {rC+}
Stlth    ++........             t - amulet of regeneration
HPRegen  1.10/turn              Y - +4 ring of evasion
MPRegen  0.19/turn              (no ring)

@: lethally poisoned (-1 -> -2), exhausted, about to teleport, no potions,
heavily drained, very slow
A: large, iridescent scales 1, camouflage 1, see invisible, deformed body, frail
1, low mp 1, poison resistance, slowness 2, slow metabolism 1, spit poison 2,
weak 1, inability to drink while threatened, unskilled 1, constrict 1, AC +5
}: 1/15 runes: barnacled
a: Breathe Poison Gas, Draw Out Power, Power Leap, Apocalypse, Renounce
Religion, Evoke Flight


You were on level 4 of the Shoals.
You worshipped Ru.
Ru was extremely pleased with you.
You were not hungry.

You visited 5 branches of the dungeon, and saw 28 of its levels.
You also visited: Sewer and Ossuary.

You collected 1838 gold pieces.
You spent 1334 gold pieces at shops.

Inventory:

Hand Weapons
 B - the +5 falchion of Putrescence {holy, *Noise rC++}
   (You found it on level 2 of the Lair of Beasts)

   It has been blessed by the Shining One to cause great damage to the undead
   and demons.
   It greatly protects you from cold.
   It may make noises in combat.
 F - a +5 great sword of freezing (weapon)
 U - a +8 great sword of holy wrath
Missiles
 D - 5 throwing nets
 G - 24 javelins (quivered)
Armour
 o - a +1 cloak (worn)
 A - a +2 naga barding of cold resistance (worn)
 C - the +1 hat of Cekhlorra (worn) {+Fly}
   (You found it on level 10 of the Dungeon)

   It lets you fly.
 H - the +1 buckler of the Eleven Suns {*Contam rPois rC- Dex+7, unknown}
   (You acquired it on level 1 of the Shoals)

   It affects your dexterity (+7).
   It makes you vulnerable to cold.
   It protects you from poison.
   It causes magical contamination when unequipped.
 K - a +2 robe of cold resistance
 L - a +4 troll leather armour (worn)
 M - +0 acid dragon scales
 N - a +0 robe of positive energy
Magical Staves
 I - an uncursed staff of cold
 P - an uncursed staff of wizardry
Jewellery
 t - an amulet of regeneration (around neck)
 J - an uncursed ring of ice
 O - an uncursed amulet of faith
 Y - a +4 ring of evasion (left hand)
Wands
 k - a wand of iceblast (16)
 u - a wand of flame (61)
 z - a wand of random effects (17)
 S - a wand of clouds (1)
 T - a wand of acid (14)
Scrolls
 d - 8 scrolls of remove curse
 g - a scroll of magic mapping
 l - a scroll of immolation
 p - a scroll of torment {unknown}
 q - 3 scrolls of teleportation
 r - 2 scrolls of vulnerability
 s - a scroll of holy word
 w - a scroll of summoning {unknown}
 y - a scroll of fog {unknown}
 Q - 4 scrolls of amnesia
Potions
 e - 3 potions of brilliance
 f - 3 potions of heal wounds
 h - 3 potions of agility
 i - 3 potions of cancellation
 j - 5 potions of flight
 m - 2 potions of mutation
 n - 4 potions of haste
 x - 4 potions of curing
 E - a potion of invisibility
 R - 3 potions of lignification
 V - a potion of ambrosia
 W - 2 potions of resistance
 X - 3 potions of magic
 Z - a potion of might {unknown}
Miscellaneous
 a - a sack of spiders
 v - a phial of floods (inert)
Comestibles
 c - 21 rations


   Skills:
 - Level 9.0(6.6) Fighting
 - Level 16.9(14.1) Long Blades
 - Level 6.6(4.3) Dodging
 - Level 2.6(0.6) Stealth
 + Level 8.7(6.3) Spellcasting
 - Level 0.8(0.0) Conjurations
 - Level 8.9(6.6) Air Magic
 - Level 3.9(1.8) Evocations


You had 3 spell levels left.
You knew the following spells:

 Your Spells              Type           Power        Failure   Level  Hunger
a - Shock                 Conj/Air       ###.         3%          1    None
b - Swiftness             Chrm/Air       ###.....     6%          2    None
c - Airstrike             Air            ####......   10%         4    ####...
d - Static Discharge      Conj/Air       ###.....     12%         3    ##.....
e - Lightning Bolt        Conj/Air       ###.......   71%         5    #####..
f - Statue Form           Tmut/Erth      #........    100%        6    #######
g - Irradiate             Conj/Tmut      #.........   99%         5    #####..
h - Shroud of Golubria    Chrm/Tloc      #.........   22%         2    None

Your spell library contained the following spells:

 Spells                   Type           Power        Failure   Level  Hunger
 Infusion                 Chrm           #...         16%         1    None
 Song of Slaying          Chrm           #.......     22%         2    None
 Recall                   Summ/Tloc      N/A          41%         3    ##.....
 Regeneration             Chrm/Necr      #.........   41%         3    ##.....
 Spectral Weapon          Hex/Chrm       #.......     41%         3    ##.....
 Aura of Abjuration       Summ           #.........   99%         5    #####..
 Summon Demon             Summ           #.........   99%         5    #####..
 Summon Forest            Summ/Tloc      #.........   99%         5    #####..
 Summon Mana Viper        Hex/Summ       #.......     99%         5    #####..
 Hydra Form               Tmut           #.........   100%        6    #######
 Shadow Creatures         Summ           N/A          100%        6    #######
 Dragon Form              Tmut           #.........   100%        7    #######


Dungeon Overview and Level Annotations

Branches:
Dungeon (15/15)            Temple (1/1) D:5            Lair (6/6) D:10
 Shoals (4/4) Lair:4       Spider (0/4) Lair:3        Slime (0/5) Lair:6
    Orc (2/2) D:10            Elf (0/3) Orc:2
 Vaults: D:13-14     Depths: D:15

Altars:
Ashenzari
Cheibriados
Dithmenos
Elyvilon
Fedhas
Makhleb
Nemelex Xobeh
Okawaru
Qazlal
Ru
Sif Muna
Trog
Uskayaw
Vehumet
Wu Jian
Xom
Yredelemnul
Zin
The Shining One

Shops:
D:7 =   D:10 (   Orc:2 :*[*!

Portals:
Pandemonium: Orc:2

Annotations:
D:10 Nergalle
Lair:2 exclusion: hydra
Lair:4 exclusion: oklob plant
Lair:5 3 runed doors, Dudiycywn's ghost, journeyman HaGl
Lair:6 exclusion: 3 oklob plants
Shoals:2 Polyphemus


Innate Abilities, Weirdness & Mutations

You cannot wear boots.
Your serpentine skin is tough. (AC +5)
You have supernaturally acute eyesight. (SInv)
Armour fits poorly on your strangely shaped body.
You are frail. (-10% HP)
Your magical capacity is low. (-10% MP)
Your system is resistant to poisons. (rPois)
You cover ground very slowly.
You have a slow metabolism.
You can exhale a cloud of poison.
You cannot drink potions while threatened.
You are somewhat unskilled. (-1 Apt)
You can use your snake-like lower body to constrict enemies.
You are partially covered in iridescent scales. (AC +2)
Your skin changes colour to match your surroundings (Stealth+).
You are weak. (Str -2)


Message History

You're too exhausted to draw out your power.
You have got your breath back.
The merfolk impaler throws a stone.
The stone hits you!
* * * LOW HITPOINT WARNING * * *
The merfolk hits you with a +0 trident of venom!
* * * LOW HITPOINT WARNING * * *
You are poisoned.
You focus your will and slow the merfolk in retribution!
You see here a stone.
You're too exhausted to draw out your power.
Okay, then.
Unknown command.
Evoke which item? (* to show all) (? for menu, Esc to quit)
Okay, then.
Fire/throw which item? (* to show all) (? for menu, Esc to quit)
Okay, then.
As you read the scroll labeled CAUVATZYLO, it crumbles to dust.
You speak a Word of immense power!
It was a scroll of holy word.
You feel sick.
The merfolk impaler throws a stone.
The stone hits you!
You die...

≈≈≈≈≈≈≈≈≈≈≈≈≈≈...
≈≈≈≈≈≈≈≈≈≈≈≈≈.....
≈≈≈≈≈≈≈≈≈≈≈≈≈....≈
≈≈≈≈≈≈≈≈≈≈≈≈.m.≈≈≈
≈≈≈≈≈≈≈≈≈≈≈≈.≈≈≈≈≈
≈≈≈≈≈≈≈≈≈≈≈.≈≈≈≈≈≈
≈≈≈≈≈≈≈≈(≈≈.≈≈≈≈≈≈
≈≈≈≈≈≈≈≈≈(..≈≈≈≈≈≈
≈≈≈≈≈≈≈≈≈.@..≈≈≈≈≈
≈.≈≈≈≈≈≈≈m....≈≈≈≈
....≈≈≈≈≈.......≈≈
.....≈≈≈≈.........
.###≈≈≈≈≈.........
#..≈≈≈≈........
...≈≈≈≈≈.......
...≈≈≈≈≈≈......


You could see a merfolk impaler and a merfolk.

Vanquished Creatures
  The ghost of kidcy the Bludgeoner, an adept FoAK of Lugonu (Shoals:1)
  The ghost of Uryvooli the Phalangite, an adept MfBe of Trog (Shoals:1)
  Roxanne (Shoals:1)
  The ghost of Idameato the Severer, a journeyman MiFi of Okawaru (Shoals:1)
  An ettin (Orc:1)
  2 merfolk javelineers (Shoals:4)
  A merfolk impaler (Shoals:4)
  Fannar (D:11)
  A hydra (Lair:5)
  A merfolk aquamancer (Shoals:4)
  3 catoblepae (Lair:6)
  4 two-headed ogres
  12 death yaks
  5 orc high priests (Orc:2)
  A sun demon (Orc:2)
  2 sea snakes
  An infernal demonspawn (Orc:2)
  2 torturous demonspawn (Orc:2)
  4 harpies (Shoals:2)
  Pikel (D:7)
  7 orc knights
  4 fauns
  9 orc sorcerers
  2 cyclopes
  9 manticores
  4 merfolk sirens
  6 elephants (Lair:3)
  3 water nymphs
  A gargoyle (D:12)
  3 spiny frogs
  2 komodo dragons
  2 kobold demonologists
  2 hellwings (Orc:2)
  2 trolls
  11 merfolk
  A meliai (D:10)
  A polar bear (Lair:4)
  4 wind drakes
  A hornet (D:14)
  6 blink frogs
  4 hippogriffs
  9 dream sheep
  9 snapping turtles
  A redback (Lair:3)
  A shadow (D:12)
  A wraith (D:7)
  4 wyverns
  5 basilisks
  19 yaks
  2 hungry ghosts
  2 chaos spawn (Orc:2)
  3 wargs (Orc:1)
  An acid dragon (D:14)
  4 porcupines
  9 water moccasins
  28 orc warriors
  A slave (D:7)
  2 ice beasts
  Purgy (Sewer)
  A phantom (D:9)
  3 sky beasts
  3 black bears
  13 centaurs
  11 ogres
  12 crocodiles
  7 wolves
  A wyvern zombie (D:8)
  13 bullfrogs
  A water moccasin skeleton (D:8)
  4 scorpions
  3 killer bees (D:11)
  12 wights
  A bullfrog zombie (D:7)
  An electric eel (Lair:2)
  A howler monkey (D:7)
  3 crimson imps
  A centaur zombie (D:6)
  5 hounds
  2 bullfrog skeletons (D:6)
  A gnoll shaman (D:9)
  19 orc priests
  2 jellies
  10 orc wizards
  3 iguanas
  6 worker ants
  2 centaur skeletons
  A hound skeleton (D:7)
  A mummy (Ossuary)
  4 gnolls
  2 river rats (D:6)
  16 adders
  2 shadow imps
  2 adder zombies
  2 worms (D:6)
  2 dart slugs
  2 leopard geckos
  48 orcs
  A spectral bat (Ossuary)
  3 bats
  4 giant cockroaches
  3 gnoll zombies (Ossuary)
  9 goblins
  6 hobgoblins
  13 jackals
  5 kobolds
  2 quokkas
  2 ball pythons (D:2)
  A frilled lizard (D:1)
  2 goblin zombies (Ossuary)
  4 hobgoblin zombies (Ossuary)
  5 kobold zombies (Ossuary)
  A leopard gecko zombie (D:9)
  4 orc zombies (Ossuary)
  A quokka skeleton (D:5)
  A quokka zombie (D:5)
  2 rats
  A rat simulacrum (Ossuary)
  2 spectral goblins (Ossuary)
  3 spectral kobolds (Ossuary)
  2 spectral rats (Ossuary)
  6 plants
538 creatures vanquished.

Vanquished Creatures (others)
  A dream sheep (Shoals:1)
  A yak (Lair:6)
  A porcupine (D:10)
  An orc warrior (Orc:2)
  A slave (D:7)
  A centaur (Shoals:1)
  4 fungi
  3 plants
  4 withered plants (Shoals:1)
17 creatures vanquished.

Grand Total: 555 creatures vanquished

Notes
Turn   | Place    | Note
-------+----------+-------------------------------------------
     0 | D:1      | Lavandula the Naga Air Elementalist began the quest for the
                  | Orb.
     0 | D:1      | Reached XP level 1. HP: 15/15 MP: 3/3
    68 | D:1      | Reached XP level 2. HP: 19/22 MP: 1/5
   225 | D:2      | Reached XP level 3. HP: 28/28 MP: 5/7
   229 | D:2      | Learned a level 2 spell: Swiftness
   390 | D:3      | Reached XP level 4. HP: 36/36 MP: 4/8
   575 | D:4      | Reached XP level 5. HP: 18/42 MP: 2/9
   584 | D:4      | Reached skill level 5 in Air Magic
   699 | D:4      | Noticed an ogre
   708 | D:4      | Killed an ogre
   708 | D:4      | Reached XP level 6. HP: 43/49 MP: 4/10
   714 | D:4      | Learned a level 4 spell: Airstrike
   753 | D:4      | Found a deep blue altar of Sif Muna.
   807 | D:4      | Found a glowing golden altar of the Shining One.
   807 | D:4      | Found a blossoming altar of Fedhas.
   823 | D:5      | Entered Level 5 of the Dungeon
   885 | D:5      | Found a staircase to the Ecumenical Temple.
   895 | Temple   | Entered the Ecumenical Temple
   949 | Temple   | Became a worshipper of Ru the Awakened
  1052 | D:5      | Reached XP level 7. HP: 29/55 MP: 7/11
  1312 | D:6      | Found a glowing drain.
  1319 | Sewer    | Entered a sewer
  1342 | Sewer    | Gained mutation: You are weak. (Str -2) [potion of
                  | mutation]
  1342 | Sewer    | Gained mutation: You can exhale a cloud of poison. [potion
                  | of mutation]
  1342 | Sewer    | Gained mutation: You are partially covered in iridescent
                  | scales. (AC +2) [potion of mutation]
  1342 | Sewer    | Gained mutation: Your skin changes colour to match your
                  | surroundings (Stealth+). [potion of mutation]
  1343 | Sewer    | yes
  1405 | Sewer    | Noticed Purgy
  1420 | Sewer    | Killed Purgy
  1533 | D:6      | Reached XP level 8. HP: 15/62 MP: 8/12
  1788 | D:6      | Gained mutation: You are somewhat unskilled. (-1 Apt) [Ru
                  | sacrifice]
  1788 | D:6      | Reached * piety under Ru
  1855 | D:7      | Found Ehauph's Jewellery Boutique.
  1857 | D:7      | Reached skill level 1 in Fighting
  1920 | D:7      | Found a sand-covered staircase.
  1926 | Ossuary  | Entered an ossuary
  2182 | D:7      | Noticed Pikel
  2182 | D:7      | Noticed a wraith
  2199 | D:7      | Noticed a hippogriff
  2252 | D:6      | Found a shadowy altar of Dithmenos.
  2360 | D:7      | Reached skill level 5 in Fighting
  2360 | D:7      | Reached XP level 9. HP: 68/81 MP: 6/13
  2464 | D:7      | Killed Pikel
  2580 | D:8      | Noticed a meliai
  2653 | D:7      | Found a basalt altar of Yredelemnul.
  2968 | D:8      | Reached XP level 10. HP: 77/98 MP: 6/14
  3046 | D:8      | Noticed a two-headed ogre
  3053 | D:8      | Killed a two-headed ogre
  3339 | D:8      | Noticed a two-headed ogre
  3346 | D:8      | Upgraded the game from 0.23-a0-451-g1044d4c to
                  | 0.23-a0-455-ge12115f
  3433 | D:8      | Learned a level 3 spell: Static Discharge
  3558 | D:8      | Reached skill level 5 in Dodging
  3609 | D:8      | Found an iron altar of Okawaru.
  3733 | D:9      | Gained mutation: You cannot drink potions while threatened.
                  | [Ru sacrifice]
  3733 | D:9      | Reached ** piety under Ru
  3733 | D:9      | Reached *** piety under Ru
  3844 | D:10     | Entered Level 10 of the Dungeon
  4470 | D:10     | Found Zamuab Loah's Weapon Emporium.
  4471 | D:10     | Noticed an orc knight
  4478 | D:10     | Reached skill level 1 in Long Blades
  4481 | D:10     | Noticed an orc knight
  4601 | D:10     | Reached skill level 1 in Evocations
  4656 | D:10     | Noticed Fannar
  4673 | D:10     | Noticed Nergalle
  4707 | D:10     | Got a fine hat
  4713 | D:10     | Identified the +1 hat of Cekhlorra {+Fly} (You found it on
                  | level 10 of the Dungeon)
  4765 | D:10     | Found a staircase to the Orcish Mines.
  4820 | D:10     | Killed an orc knight
  4820 | D:10     | Reached XP level 11. HP: 63/104 MP: 4/15
  4842 | D:10     | Reached skill level 2 in Long Blades
  4983 | D:11     | Noticed a two-headed ogre
  4996 | D:11     | Killed a two-headed ogre
  4996 | D:11     | Reached skill level 3 in Long Blades
  5004 | D:11     | Learned a level 5 spell: Lightning Bolt
  5260 | D:11     | Killed Fannar
  5347 | D:11     | Reached skill level 4 in Long Blades
  5447 | D:12     | Noticed a two-headed ogre
  5458 | D:12     | Killed a two-headed ogre
  5458 | D:12     | Reached skill level 5 in Long Blades
  5568 | D:11     | Noticed a two-headed ogre
  5571 | D:12     | Gained mutation: Your magical capacity is low. (-10% MP)
                  | [Ru sacrifice]
  5669 | D:13     | Found a white marble altar of Elyvilon.
  5773 | D:14     | Reached skill level 6 in Long Blades
  5868 | D:15     | Entered Level 15 of the Dungeon
  5945 | D:11     | Killed a two-headed ogre
  5945 | D:11     | Reached skill level 7 in Long Blades
  5992 | Orc:1    | Entered Level 1 of the Orcish Mines
  6017 | Orc:1    | Found a burning altar of Makhleb.
  6018 | Orc:1    | Noticed an orc knight
  6083 | Orc:1    | Reached XP level 12. HP: 109/114 MP: 16/16
  6169 | Orc:2    | Entered Level 2 of the Orcish Mines
  6225 | Orc:1    | Reached skill level 8 in Long Blades
  6311 | Orc:2    | Found Vojar's Distillery.
  6428 | D:10     | Bought a +5 great sword of holy wrath for 387 gold pieces
  6556 | Orc:2    | Reached skill level 9 in Long Blades
  6707 | Orc:2    | Found Koplonem's General Store.
  6734 | Orc:2    | Noticed a sun demon
  6741 | Orc:2    | Found Sysesopu's General Store.
  6804 | Orc:2    | Gained mutation: You are frail. (-10% HP) [Ru sacrifice]
  6804 | Orc:2    | Reached **** piety under Ru
  6804 | Orc:2    | Reached ***** piety under Ru
  6893 | Orc:1    | Noticed an ettin
  6993 | Orc:2    | Found a staircase to the Elven Halls.
  7277 | Orc:2    | Killed a sun demon
  7277 | Orc:2    | Reached skill level 10 in Long Blades
  7370 | Orc:2    | Noticed an orc high priest
  7370 | Orc:2    | Noticed an orc high priest
  7383 | Orc:2    | Killed an orc high priest
  7444 | Orc:2    | Killed an orc high priest
  7444 | Orc:2    | Reached skill level 11 in Long Blades
  7446 | Orc:2    | Noticed an orc high priest
  7565 | Orc:2    | Killed an orc high priest
  7586 | Orc:2    | Gained mutation: You can use your snake-like lower body to
                  | constrict enemies. [Naga growth]
  7586 | Orc:2    | Reached XP level 13. HP: 101/108 MP: 17/17
  7636 | Orc:2    | Reached skill level 12 in Long Blades
  7879 | Orc:2    | Found Didiam's Book Shop.
  7879 | Orc:2    | Found Fyw Bivepha's Antique Armour Boutique.
  7879 | Orc:2    | Found a one-way gate leading to the halls of Pandemonium.
  7912 | Orc:2    | Bought a scroll of blinking for 127 gold pieces
  7943 | Orc:2    | Bought a potion of haste for 100 gold pieces
  7943 | Orc:2    | Bought a potion of ambrosia for 80 gold pieces
  8086 | Orc:1    | Killed an ettin
  8086 | Orc:1    | Reached skill level 13 in Long Blades
  8261 | Orc:2    | Bought 2 potions of resistance for 200 gold pieces
  8261 | Orc:2    | Bought a potion of magic for 80 gold pieces
  8400 | D:7      | Bought a +4 ring of evasion for 360 gold pieces
  8562 | D:10     | Found a staircase to the Lair.
  8568 | Lair:1   | Entered Level 1 of the Lair of Beasts
  8835 | Lair:3   | Found a hole to the Spider Nest.
  9086 | Lair:5   | Found a runed gate.
  9097 | Lair:5   | Noticed Dudiycywn's ghost (journeyman HaGl)
  9098 | Lair:5   | Found a runed gate.
  9098 | Lair:5   | Found a runed gate.
  9103 | Lair:5   | Reached skill level 14 in Long Blades
  9168 | Lair:6   | Entered Level 6 of the Lair of Beasts
  9410 | Lair:6   | Reached XP level 14. HP: 44/116 MP: 18/18
  9413 | Lair:6   | HP: 1/116 [death yak (19)]
  9485 | Lair:6   | Reached skill level 15 in Long Blades
  9851 | Lair:6   | Found a staircase to the Slime Pits.
  9889 | Lair:6   | Found a snail-covered altar of Cheibriados.
 10460 | Lair:2   | Got a crude steel amulet
 10468 | Lair:2   | Got a dazzling falchion
 10469 | Lair:2   | Identified the +5 falchion of Putrescence {holy, *Noise
                  | rC++} (You found it on level 2 of the Lair of Beasts)
 10501 | Lair:2   | Reached skill level 16 in Long Blades
 10579 | Lair:2   | Identified the amulet "Cootan" {Inacc *Drain Str+2 Dex+3}
                  | (You found it on level 2 of the Lair of Beasts)
 10994 | Lair:4   | Found a staircase to the Shoals.
 11013 | Shoals:1 | Entered Level 1 of the Shoals
 11351 | Shoals:2 | Noticed Polyphemus
 11507 | Shoals:1 | Noticed Roxanne
 11542 | Shoals:1 | Killed Roxanne
 11578 | Shoals:1 | Reached skill level 5 in Spellcasting
 11578 | Shoals:1 | Reached XP level 15. HP: 109/121 MP: 20/20
 11608 | Shoals:1 | Learned a level 6 spell: Statue Form
 11614 | Shoals:1 | Found a runed gate.
 11614 | Shoals:1 | Found a runed gate.
 11614 | Shoals:1 | Found a runed gate.
 11614 | Shoals:1 | Noticed kidcy's ghost (adept FoAK)
 11614 | Shoals:1 | Noticed Uryvooli's ghost (adept MfBe)
 11615 | Shoals:1 | Noticed Idameato's ghost (journeyman MiFi)
 11626 | Shoals:1 | Killed kidcy's ghost
 11630 | Shoals:1 | Killed Idameato's ghost
 11638 | Shoals:1 | Killed Uryvooli's ghost
 11727 | Shoals:1 | Identified 2 scrolls of acquirement
 11745 | Shoals:1 | Got a scorched buckler
 11789 | Shoals:2 | Learned a level 5 spell: Irradiate
 11829 | Shoals:2 | Learned a level 2 spell: Shroud of Golubria
 12069 | Shoals:4 | Entered Level 4 of the Shoals
 12194 | Shoals:4 | Got a barnacled rune of Zot
 12199 | Shoals:4 | Hit by a stone thrown by a merfolk impaler

Vault maps used:
D:1:      minmay_arrival_up_and_down
D:2:      first_ration
D:3:      minmay_diamond_boxcup
D:4:      lemuel_round_altar, amethyst_overflow_temple_binary, serial_curves,
          eino_curves_02, eino_curves_02, nrook_mini_backslash,
          grunt_decor_one_mirror
D:5:      kennysheep_mini, minmay_temple_entry_sparse_star
D:6:      nicolae_dithmenos_shadow_blocks, lightli_sewer_entry_pipes,
          chequers_serial_rivers_room_a, uniq_grinder
D:7:      minitemple, lemuel_round_altar, nicolae_overflow_hidden_temple,
          nicolae_ossuary_entry_ruins, serial_shops, shop, uniq_pikel
D:8:      cheibrodos_elevator_heist, okawaru_altar_gauntlet_db
D:9:      kennysheep_steamy
D:10:     grunt_lair_entry_orc_guard_hut, orc_david_3,
          hangedman_pestilent_swarm, skrybe_limestone_x, minmay_fountain_box,
          uniq_nergalle, uniq_fannar, uniq_erolcha, uniq_harold
D:11:     nrook_guardian_serpent_double
D:12:     serial_shops, nicolae_shop_crystal, serial_bayou_lagoon_a,
          small_chamber_with_monster, uniq_snorg
D:13:     st_stairs_1, elyvilon_altar_3
D:14:     david_vaults_5, interstate_on_off, serial_bayou_pond_d,
          serial_bayou_pond_c, kennysheep_generic_room_3
D:15:     hangedman_depths_entry_civil_slaughter
Temple:   minmay_temple_bridge_abc
Lair:1:   wad_woods_01, grunt_megastairs_5, infiniplex_staircase_pool_2
Lair:2:   infiniplex_staircase_pool
Lair:3:   spider_nest_entry_webs, grunt_megastairs_3
Lair:4:   elwin_shoals_entry_rooms, st_stairs_5, lemuel_old_faithful
Lair:5:   gammafunk_ghost_hydra_chop, beast_lair_carwin_11
Lair:6:   evilmike_catoblepas_cave, minmay_slime_entry_oklob_enclosed,
          lemuel_centaur_altar
Shoals:1: gammafunk_ghost_cemetery, uniq_roxanne
Shoals:2: uniq_polyphemus
Shoals:3: uniq_ilsuiw, uniq_louise
Shoals:4: shoals_end_simple, lemuel_altar_in_water
Orc:1:    basic_altar
Orc:2:    pf_orc_diabolical, serial_shops, shop
Sewer:    kennysheep_door_sewer
Ossuary:  ossuary_zaba_two_paths

Skill      XL: |  1  2  3  4  5  6  7  8  9 10 11 12 13 14 15 |
---------------+----------------------------------------------+-----
Spellcasting   | 3 2 4 5 8 |  8.7
Air Magic      | 4 6 7 9 8 |  8.9
Stealth        | 2 |  2.6
Conjurations   | 0 |  0.8
Fighting       | 5 8 9 |  9.0
Dodging        | 2 6 |  6.6
Long Blades    | 1 7 11 14 16 | 16.9
Evocations     | 3 |  3.9

Action                   |  1- 3 |  4- 6 |  7- 9 | 10-12 | 13-15 || total
-------------------------+-------+-------+-------+-------+-------++-------
Melee: Spear             |     1 |       |       |       |       ||     1
       Whip              |       |    14 |   104 |    10 |       ||   128
       Scimitar          |       |       |       |   130 |       ||   130
       Staff             |       |       |       |     4 |       ||     4
       Great sword       |       |       |       |    41 |   452 ||   493
       Constrict         |       |       |       |       |   119 ||   119
       Falchion          |       |       |       |       |   100 ||   100
Throw: Javelin           |       |       |       |       |     2 ||     2
 Cast: Shock             |    30 |    38 |   146 |   352 |    32 ||   598
       Airstrike         |       |       |    10 |    38 |    12 ||    60
       Static Discharge  |       |       |       |    13 |     3 ||    16
Invok: Sacrifice Skill   |       |       |     1 |       |       ||     1
       Draw Out Power    |       |       |       |    23 |    19 ||    42
       Sacrifice Drink   |       |       |       |     1 |       ||     1
       Sacrifice Essence |       |       |       |     1 |       ||     1
       Sacrifice Health  |       |       |       |     1 |       ||     1
       Apocalypse        |       |       |       |       |     8 ||     8
       Reject Sacrifices |       |       |       |       |     1 ||     1
 Abil: Spit Poison       |    19 |    16 |    13 |       |       ||    48
       Breathe Poison Ga |       |       |    22 |    68 |    45 ||   135
Evoke: Wand              |       |       |       |    10 |     1 ||    11
       Phial of floods   |       |       |       |       |     2 ||     2
  Use: Scroll            |       |     3 |     9 |    12 |    19 ||    43
       Potion            |       |     3 |     1 |     1 |     1 ||     6
 Stab: Sleeping          |       |     1 |     5 |       |     4 ||    10
       Distracted        |       |       |       |     1 |       ||     1
       Invisible         |       |       |       |     5 |    18 ||    23
       Confused          |       |       |       |       |     1 ||     1
       Paralysed         |       |       |       |       |    15 ||    15
  Eat: Chunk             |       |     2 |     7 |    24 |    25 ||    58
       Ration            |       |       |     1 |     4 |       ||     5
Armor: Robe              |     4 |     2 |    78 |    47 |       ||   131
       Troll leather arm |       |       |       |    60 |   183 ||   243
Dodge: Dodged            |    12 |    18 |   131 |   202 |   420 ||   783
       Rpst.: Scimitar   |       |       |       |    27 |       ||    27
       Great sword       |       |       |       |     6 |    93 ||    99
       Falchion          |       |       |       |       |    14 ||    14

Table legend:
 A = Non-vault XP
 B = Vault XP
 C = Vault XP percentage of total XP
 D = Non-vault monster count
 E = Vault monster count
 F = Vault count percentage of total count
                 A         B        C        D         E       F
            +---------+---------+-------+---------+---------+-------
      Total |   57581 |   50772 |  46.9 |     362 |     173 |  32.3
            +---------+---------+-------+---------+---------+-------
        D:1 |      11 |       0 |   0.0 |       6 |       0 |   0.0
        D:2 |      49 |       0 |   0.0 |      14 |       0 |   0.0
        D:3 |      36 |       0 |   0.0 |      12 |       0 |   0.0
        D:4 |     296 |       0 |   0.0 |       9 |       0 |   0.0
        D:5 |     360 |       0 |   0.0 |       6 |       0 |   0.0
        D:6 |     775 |      65 |   7.7 |      28 |       6 |  17.6
        D:7 |    1697 |     629 |  27.0 |      22 |       1 |   4.3
        D:8 |    2664 |     424 |  13.7 |      28 |      11 |  28.2
        D:9 |    1384 |       0 |   0.0 |      28 |       0 |   0.0
       D:10 |    1060 |    1656 |  61.0 |      11 |       9 |  45.0
       D:11 |    3384 |    1012 |  23.0 |      21 |       1 |   4.5
       D:12 |    1577 |       0 |   0.0 |       5 |       0 |   0.0
       D:13 |     915 |       0 |   0.0 |       7 |       0 |   0.0
       D:14 |     948 |       0 |   0.0 |       4 |       0 |   0.0
     Lair:1 |    1032 |     450 |  30.4 |       5 |       2 |  28.6
     Lair:2 |     492 |       0 |   0.0 |       5 |       0 |   0.0
     Lair:3 |    6912 |     337 |   4.6 |      29 |       2 |   6.5
     Lair:4 |    5046 |     293 |   5.5 |      26 |       1 |   3.7
     Lair:5 |    2038 |       0 |   0.0 |       6 |       0 |   0.0
     Lair:6 |    1122 |   12958 |  92.0 |       5 |      27 |  84.4
   Shoals:1 |   10056 |    8128 |  44.7 |      27 |       4 |  12.9
   Shoals:2 |    7111 |    3439 |  32.6 |      16 |       4 |  20.0
   Shoals:3 |    1004 |       0 |   0.0 |       3 |       0 |   0.0
   Shoals:4 |    2100 |    4429 |  67.8 |       5 |       8 |  61.5
      Orc:1 |    3704 |       0 |   0.0 |      25 |       0 |   0.0
      Orc:2 |    1808 |   16766 |  90.3 |       9 |      63 |  87.5
      Sewer |       0 |     136 | 100.0 |       0 |       6 | 100.0
    Ossuary |       0 |      50 | 100.0 |       0 |      28 | 100.0
            +---------+---------+-------+---------+---------+-------
